 Dungeon Crawl Stone Soup version 0.28.0-1-gb440e238dd (webtiles) character file.

Game seed: 3742448692766799679

145355 SnakkuSnakku7 the Devastator (level 16, -2/117 HPs)
             Began as a Demonspawn Fire Elementalist on Feb 19, 2022.
             Was an Initiate of Gozag.
             Slain by a bunyip (22 damage)
             ... on level 1 of the Swamp on Feb 20, 2022.
             The game lasted 01:10:55 (30206 turns).

SnakkuSnakku7 the Devastator (DsFE)                Turns: 30206, Time: 01:10:58

Health: -2/117     AC: 21    Str: 13    XL:     16   Next: 87%
Magic:  18/32      EV: 19    Int: 29    God:    Gozag
Gold:   8195       SH: 10    Dex: 15    Spells: 13/39 levels left

rFire   + . .      SeeInvis .   a - staff of fire
rCold   . . .      Faith    .   l - +0 buckler of Vinyciv {rF- Int+7 Stlth+}
rNeg    . . .      Spirit   .   j - +2 robe {Archmagi}
rPois   .          Reflect  +   (helmet restricted)
rElec   .          Harm     .   d - +2 cloak "Niashol" {Str+3}
rCorr   .          Rampage  .   t - +2 pair of gloves
Will    +....      Archmagi +   W - +2 pair of boots {Stlth+}
Stlth   ++++......              n - amulet of reflection
HPRegen 0.29/turn               K - +4 ring of evasion
MPRegen 0.23/turn               z - +4 ring of protection

@: mighty
A: antennae 2, molten scales 3, demonic guardian 2, powered by pain 2
a: Renounce Religion, Potion Petition, Call Merchant, Bribe Branch


You were on level 1 of the Swamp.
You worshipped Gozag.
Gozag was greatly pleased with you.
You visited 5 branches of the dungeon, and saw 25 of its levels.
You visited the Abyss 1 time.
You also visited: Bailey and Gauntlet.

You collected 10070 gold pieces.
You spent 878 gold pieces at shops.
You paid 997 gold pieces to Gozag.

Inventory:

Hand Weapons
 o - the +4 dagger "Morg" {pain, Will+ Int+5}
   (You found it on level 6 of the Lair of Beasts)

   In the hands of one skilled in necromantic magic, it inflicts extra damage on
   living creatures.
   Int:       It affects your intelligence (+5).
   Will:      It increases your willpower.
Missiles
 c - 3 curare-tipped darts
 u - 2 throwing nets
Armour
 d - the +2 cloak "Niashol" (worn) {Str+3}
   (You found it in a Gauntlet)

   Str:       It affects your strength (+3).
 j - a +2 robe of the Archmagi (worn)
 l - the +0 buckler of Vinyciv (worn) {rF- Int+7 Stlth+}
   (You acquired it on level 10 of the Dungeon)

   Int:       It affects your intelligence (+7).
   rF:        It makes you vulnerable to fire.
   Stlth:     It makes you more stealthy.
 t - a +2 pair of gloves (worn)
 y - a scarf of resistance
 S - the +4 Cigotuvi's embrace {rMiasma Drain rN+}
   (You found it on level 9 of the Dungeon)

   It gathers nearby corpses to temporarily increase the armour it provides.
   It protects you from foul pestilence.
   rN:        It protects you from negative energy.
   Drain:     It drains your maximum health when unequipped.
 V - a scarf of harm
 W - a +2 pair of boots of stealth (worn)
Magical Staves
 a - a staff of fire (weapon)
Jewellery
 n - an amulet of reflection (around neck)
 q - the dreamshard necklace {*Dream Drain}
   (You found it in a Gauntlet)

   [amulet of nothing]

   It shatters if its wearer takes lethal or near-lethal damage, preventing the
   blow and releasing protective dreams that heal and fight for the wearer.
   Drain:     It drains your maximum health when unequipped.
 z - a +4 ring of protection (right hand)
 G - a ring of fire
 J - a ring of poison resistance
 K - a +4 ring of evasion (left hand)
 Q - a +6 ring of intelligence
 X - a ring of resist corrosion
Wands
 p - a wand of flame (69)
 A - a wand of mindburst (7)
 B - a wand of iceblast (5)
 H - a wand of polymorph (4)
 I - a wand of acid (4)
 L - a wand of digging (2)
 T - a wand of paralysis (6)
Scrolls
 b - 6 scrolls of magic mapping
 e - 3 scrolls of fear
 k - 2 scrolls of fog
 r - 2 scrolls of enchant armour
 s - 11 scrolls of teleportation
 C - 6 scrolls of immolation
 E - 2 scrolls of summoning
 M - 5 scrolls of blinking
 U - 2 scrolls of identify
Potions
 f - a potion of flight
 g - 4 potions of attraction
 i - 10 potions of curing
 m - a potion of magic
 v - 2 potions of resistance
 w - a potion of cancellation
 x - 3 potions of ambrosia
 D - 6 potions of brilliance
 F - 5 potions of mutation
 O - 3 potions of heal wounds
 Y - 2 potions of haste
Miscellaneous
 h - a condenser vane (inert)
 Z - a box of beasts


   Skills:
 - Level 8.0 Fighting
 - Level 8.0 Dodging
 - Level 1.7 Stealth
 - Level 5.0 Shields
 - Level 12.3 Spellcasting
 + Level 15.6 Conjurations
 - Level 10.0 Necromancy
 - Level 9.0 Fire Magic
 - Level 10.0 Earth Magic
 - Level 6.6 Poison Magic
 - Level 10.0 Evocations


You had 13 spell levels left.
You knew the following spells:

 Your Spells              Type           Power      Damage    Failure   Level
a - Ignite Poison         Fire/Tmut/Pois 83%        N/A       1%          3
b - Scorch                Fire           100%       2d10      1%          2
c - Flame Wave            Conj/Fire      100%       2d17      1%          4
d - Ignition              Fire           51%        3d14      99%         8
e - Borgnjor's Vile Clut  Necr/Erth      42%        N/A       1%          5
z - Olgreb's Toxic Radia  Pois           71%        N/A       2%          4

Your spell library contained the following spells:

 Spells                   Type           Power      Damage    Failure   Level
 Foxfire                  Conj/Fire      100%       2x1d9     1%          1
 Static Discharge         Conj/Air       76%        N/A       1%          2
 Sublimation of Blood     Necr           85%        N/A       1%          2
 Conjure Flame            Conj/Fire      100%       6-21      1%          3
 Inner Flame              Hex/Fire       78%        N/A       1%          3
 Mephitic Cloud           Conj/Pois/Air  75%        N/A       1%          3
 Spider Form              Tmut/Pois      54%        N/A       2%          3
 Summon Small Mammal      Summ           100%       N/A       3%          1
 Anguish                  Hex/Necr       31%        N/A       4%          4
 Petrify                  Tmut/Erth      63%        N/A       4%          4
 Lightning Bolt           Conj/Air       38%        1d56      4%          5
 Ensorcelled Hibernation  Hex/Ice        52%        N/A       5%          2
 Wereblood                Tmut           26%        N/A       5%          2
 Tukima's Dance           Hex            26%        N/A       11%         3
 Freezing Cloud           Conj/Ice/Air   32%        6-21      12%         5
 Alistair's Intoxication  Tmut/Pois      36%        N/A       26%         5
 Airstrike                Air            13%        N/A       36%         4
 Passage of Golubria      Tloc           26%        N/A       36%         4
 Yara's Violent Unravell  Hex/Tmut       13%        3d7       71%         5
 Eringya's Noxious Bog    Tmut/Pois      27%        N/A       82%         6
 Dispersal                Tloc           13%        N/A       99%         6
 Enfeeble                 Hex            13%        N/A       100%        7
 Ozocubu's Refrigeration  Ice            13%        4d7       100%        7
 Summon Hydra             Summ           13%        N/A       100%        7
 Disjunction              Tloc           13%        N/A       100%        8
 Chain Lightning          Conj/Air       38%        3d50      100%        9


Dungeon Overview and Level Annotations

Branches:
Dungeon (15/15)            Temple (1/1) D:6            Lair (6/6) D:9
  Swamp (1/4) Lair:3        Snake (0/4) Lair:2          Orc (2/2) D:11
    Elf (0/3) Orc:2        Vaults (0/5) D:13         Depths (0/4) D:15
 Bailey (visited)         Gauntlet (visited)
  Slime: Lair:5-6

Altars:
Ashenzari
Cheibriados
Dithmenos
Fedhas
Gozag
Kikubaaqudgha
Makhleb
Nemelex Xobeh
Okawaru
Sif Muna
Trog
Uskayaw
Wu Jian
Xom
Zin
The Shining One
Beogh

Shops:
D:4 =   D:8 [   D:10 [   D:12 =   D:13 ?   Orc:2 [!*!

Annotations:
Lair:6 exclusion: oklob plant


Innate Abilities, Weirdness & Mutations

You have a pair of antennae on your head.
You are completely covered in molten scales. (AC +4, rF+)
A demonic guardian rushes to your aid.
You sometimes gain power by taking damage.


Message History

The bunyip is lightly wounded.
The flame wave engulfs the bunyip!!
The bunyip is moderately wounded.
The mangrove smoulders and burns.
You hear a roar!
You hear a hideous shriek!
The bunyip is engulfed in blazing flames.
The bunyip misses you. The bunyip completely misses you. The bunyip misses you.
Unknown command.
A wave of flame ripples out!
The flame wave engulfs the bunyip!
The bunyip is heavily wounded.
The flame wave engulfs the bunyip.
The bunyip is lightly wounded.
The flame wave engulfs the bunyip!!
The bunyip is severely wounded.
The mangrove smoulders and burns.
You finish channelling waves of flame.
Unknown command.
Unknown command.
Casting: Flame Wave (safe; 1% risk of failure)
Confirm with . or Enter, or press ? or * to list all spells.
Casting: Flame Wave (safe; 1% risk of failure)
Press: ? - help, Dir - look around, f - activate You feel a strong surge of power!
A wave of flame ripples out!
The flame wave engulfs the bunyip!!
The bunyip is severely wounded.
The flame wave engulfs the bunyip.
The bunyip is moderately wounded.
The flame wave engulfs the bunyip!
The bunyip is almost dead. (Press . to intensify the flame waves.)
You hear a roar!
You hear a hideous shriek!
The bunyip claws you!!
* * * LOW HITPOINT WARNING * * *
You focus on the pain.
You feel mightier all of a sudden. The bunyip claws you!
* * * LOW HITPOINT WARNING * * *
A demonic guardian appears!
You block the bunyip's attack. x3
The bunyip claws you!!
You die...
Your body crumbles into a pile of gold.

.≈≈.≈♣ $ ≈..≈≈♣ ♣♣♣
...≈♣♣♣♣♣♣♣♣♣ ...♣§
.≈≈≈≈..≈≈§≈.♣♣♣♣♣♣ ≈§§[>
.≈≈≈≈..≈≈≈≈...≈≈§♣♣§≈...
.≈≈≈.........≈..§≈§...♣
$
≈≈≈≈..♣♣♣≈≈♣§§§3.§.§≈≈♣
≈≈≈≈≈.♣♣♣≈≈♣♣.§...§§♣
≈≈.≈≈≈≈♣♣♣♣♣♣...@.§§♣
.≈≈≈..♣♣ ♣☼§xxx§§♣
..≈≈≈♣♣ ♣§§§§§§§♣ ≈...≈♣
♣§§§§§§§♣ ≈≈≈≈≈♣
♣♣♣.§§♣♣♣ §≈≈≈≈♣ ♣♣§§..
≈≈≈≈≈♣ ♣♣.... ♣♣♣♣♣♣
♣.≈.♣ ≈≈.♣


You could see 3 bunyips and a friendly soul eater (summoned).

Vanquished Creatures
  A fenstrider witch (Swamp:1)
  4 dire elephants (Lair:6)
  An ettin (D:15)
  3 boulder beetles
  The ghost of Esekla the Carver, a journeyman DrWr of Gozag (D:8)
  Harold (Lair:2)
  A ghost crab (Swamp:1)
  12 hydras
  2 vault guards (Bailey)
  2 catoblepae
  Erica (D:8)
  An alligator (Swamp:1)
  6 ogre magi
  4 centaur warriors
  25 two-headed ogres
  18 death yaks
  A tengu warrior (D:14)
  Nergalle (Lair:2)
  Urug (Lair:2)
  A fire crab (shapeshifter) (D:15)
  A sun demon (D:15)
  2 spectral death yaks (Lair:6)
  4 deep trolls
  A spectral anaconda (Lair:6)
  2 obsidian statues
  Pikel (D:8)
  4 deep elf pyromancers
  An orc knight (D:13)
  3 wizards
  4 necromancers (Lair:6)
  3 lindwurms (Lair:6)
  10 ugly things
  An oklob plant (Gauntlet)
  A shining eye (Gauntlet)
  5 cyclopes
  3 manticores
  3 orc sorcerers
  27 elephants
  7 black mambas
  Joseph (D:8)
  A dire elephant skeleton (Lair:6)
  An orange demon (D:15)
  12 cane toads
  An unseen horror (D:10)
  2 torpor snails
  2 kobold demonologists
  3 rime drakes
  9 yaktaurs
  A hellwing (D:15)
  9 komodo dragons
  An ice devil (D:15)
  4 efreet
  3 tengu conjurers
  11 trolls
  A meliai (shapeshifter) (D:13)
  30 blink frogs
  5 polar bears
  Prince Ribbit (Bailey)
  A blink frog (shapeshifter) (D:15)
  6 dream sheep (Lair:4)
  5 shadows
  6 wyverns
  4 fire bats (D:9)
  70 yaks
  A vampire (D:12)
  7 basilisks
  5 wraiths
  8 humans (Bailey)
  4 steam dragons
  2 chaos spawn (D:12)
  3 vampire mosquitoes (D:11)
  3 swamp worms (Swamp:1)
  A warg (Orc:1)
  5 acid dragons
  A hell hound (D:9)
  18 water moccasins
  A floating eye (Gauntlet)
  11 orc warriors
  4 ice beasts
  9 wolves
  A necrophage (D:6)
  An elephant skeleton (Lair:6)
  29 ogres
  4 boggarts (D:15)
  2 elephant zombies (Lair:6)
  18 centaurs
  4 kobold brigands
  A phantom (D:6)
  3 lemures (D:8)
  Blork the orc (D:5)
  17 bullfrogs
  2 gnoll sergeants
  A wyvern zombie (D:5)
  A cane toad simulacrum (Lair:6)
  5 scorpions
  13 killer bees
  18 wights
  3 howler monkeys
  5 electric eels (D:12)
  A crimson imp (D:15)
  6 centaur zombies
  3 quasits
  A jelly (D:8)
  12 orc priests
  A bullfrog zombie (D:3)
  A centaur skeleton (D:7)
  6 hounds
  3 gnoll shamans
  An iron imp (D:15)
  3 iguanas
  A scorpion zombie (D:5)
  13 orc wizards
  5 hell rats (Lair:4)
  A killer bee zombie (D:8)
  2 centaur simulacra
  A hound skeleton (D:4)
  A howler monkey zombie (D:8)
  19 gnolls
  9 adders
  2 white imps
  An ufetubus (D:7)
  2 worms (D:2)
  3 dart slugs
  44 orcs
  8 ball pythons
  7 bats
  3 endoplasms
  2 giant cockroaches
  6 goblins
  8 hobgoblins
  7 jackals
  14 kobolds
  3 quokkas
  2 frilled lizards
  4 rats
  2 bushes (Lair:6)
780 creatures vanquished.

Vanquished Creatures (collateral kills)
  A dire elephant (Lair:6)
  A hydra (Lair:2)
  A centaur warrior (D:14)
  3 death yaks (Lair:6)
  A bog body (Swamp:1)
  A cyclops (D:13)
  A cane toad (Lair:6)
  A dream sheep (Lair:4)
  A yak (Lair:6)
  A water moccasin (Lair:6)
12 creatures vanquished.

Vanquished Creatures (others)
  A chaos spawn (D:15)
  2 white imps (D:15)
  2 ufetubi (D:15)
  An orc (Orc:1)
  2 fire vortices (D:9)
  145 foxfires
  87 fungi
  97 plants
  44 withered plants (Lair:6)
381 creatures vanquished.

Grand Total: 1173 creatures vanquished

Notes
Turn   | Place    | Note
-------+----------+-------------------------------------------
     0 | D:1      | SnakkuSnakku7 the Demonspawn Fire Elementalist began the
                  | quest for the Orb.
     0 | D:1      | Reached XP level 1. HP: 13/13 MP: 3/3
    68 | D:1      | Found a faded altar of an unknown god.
   151 | D:1      | Gained mutation: You sometimes gain a little power by
                  | taking damage. [demonic ancestry]
   151 | D:1      | Reached XP level 2. HP: 16/19 MP: 0/5
   465 | D:1      | Learned a level 2 spell: Scorch
   482 | D:1      | Reached skill level 2 in Conjurations
   803 | D:2      | Gained mutation: You are partially covered in molten
                  | scales. (AC +2) [demonic ancestry]
   803 | D:2      | Reached XP level 3. HP: 24/24 MP: 0/6
  1198 | D:2      | Reached XP level 4. HP: 28/30 MP: 4/7
  1319 | D:2      | Reached skill level 3 in Conjurations
  1771 | D:3      | Gained mutation: You have a pair of small antennae on your
                  | head. [demonic ancestry]
  1771 | D:3      | Reached XP level 5. HP: 35/35 MP: 3/8
  2613 | D:4      | Found Jaisk's Jewellery Shop.
  2962 | D:5      | Entered Level 5 of the Dungeon
  2962 | D:5      | Noticed an ice beast
  2963 | D:5      | Noticed an ice beast
  3002 | D:3      | Killed an ice beast
  3003 | D:3      | Reached skill level 4 in Conjurations
  3003 | D:3      | Gained mutation: You are mostly covered in molten scales.
                  | (AC +3) [demonic ancestry]
  3003 | D:3      | Reached XP level 6. HP: 41/41 MP: 0/9
  3085 | D:4      | Killed an ice beast
  3086 | D:4      | Reached skill level 5 in Fire Magic
  3331 | D:5      | Noticed an ice beast
  3349 | D:5      | Killed an ice beast
  3350 | D:5      | Reached skill level 5 in Conjurations
  3416 | D:5      | Learned a level 4 spell: Flame Wave
  3483 | D:5      | Reached XP level 7. HP: 23/46 MP: 3/11
  3808 | D:5      | Noticed Blork the orc
  3810 | D:5      | Paralysed by Blork the orc for 4 turns
  3819 | D:5      | Killed Blork the orc
  4112 | D:5      | Reached skill level 5 in Spellcasting
  4213 | D:5      | Gained mutation: You have a pair of antennae on your head.
                  | [demonic ancestry]
  4213 | D:5      | Reached XP level 8. HP: 52/52 MP: 2/15
  4490 | D:6      | Reached skill level 6 in Conjurations
  5155 | D:6      | Found a staircase to the Ecumenical Temple.
  5233 | Temple   | Entered the Ecumenical Temple
  5247 | Temple   | Became a worshipper of Gozag Ym Sagoz the Greedy
  5275 | D:6      | Reached skill level 7 in Conjurations
  5734 | D:7      | Reached XP level 9. HP: 55/57 MP: 1/16
  6018 | D:7      | Reached skill level 8 in Conjurations
  6177 | D:7      | Found a bloodstained altar of Trog.
  6720 | D:8      | Found a runed translucent gate.
  6720 | D:8      | Found a runed translucent gate.
  6720 | D:8      | Found a runed translucent gate.
  6721 | D:8      | Noticed Esekla's ghost (journeyman DrWr)
  6862 | D:8      | Noticed Erica
  6869 | D:8      | Killed Erica
  6870 | D:8      | Reached skill level 9 in Conjurations
  6977 | D:8      | Found Wofarara's Armour Emporium.
  7073 | D:8      | Reached skill level 10 in Conjurations
  7073 | D:8      | Gained mutation: You sometimes gain power by taking damage.
                  | [demonic ancestry]
  7073 | D:8      | Reached XP level 10. HP: 34/63 MP: 5/17
  7176 | D:8      | Found a flagged portal.
  7207 | Bailey   | Entered a bailey
  7653 | Bailey   | Noticed Prince Ribbit
  7653 | Bailey   | Noticed a vault guard
  7666 | Bailey   | Killed Prince Ribbit
  7668 | Bailey   | Killed a vault guard
  7701 | Bailey   | Noticed a vault guard
  7755 | Bailey   | Killed a vault guard
  8130 | D:8      | Noticed a red ugly thing
  8130 | D:8      | Noticed a boulder beetle
  8153 | D:8      | Noticed Joseph
  8365 | D:9      | Reached skill level 5 in Fighting
  8543 | D:9      | Gained mutation: You are completely covered in molten
                  | scales. (AC +4, rF+) [demonic ancestry]
  8543 | D:9      | Reached XP level 11. HP: 74/81 MP: 23/23
  8565 | D:9      | Identified the +10 quarterstaff "Novom" {pain, rF+ Will+
                  | Dex+4}
  8565 | D:9      | Noticed a catoblepas
  8573 | D:9      | Killed a catoblepas
  9580 | D:9      | Found the +4 Cigotuvi's embrace {rMiasma Drain rN+}
  9727 | D:9      | Found a staircase to the Lair.
  9760 | D:9      | Found a hide-covered altar of Uskayaw.
  9977 | D:10     | Entered Level 10 of the Dungeon
  9993 | D:10     | Noticed a centaur warrior
 10001 | D:10     | Reached skill level 5 in Dodging
 10005 | D:10     | Killed a centaur warrior
 10504 | D:10     | Found Ruowysie's Superior Scales.
 10549 | D:10     | Identified 2 scrolls of acquirement
 10551 | D:10     | Acquired a staff of fire
 10553 | D:10     | Acquired the +0 buckler of Vinyciv {rF- Int+7 Stlth+}
 10788 | D:10     | Noticed a two-headed ogre
 10797 | D:10     | Killed a two-headed ogre
 11127 | D:11     | Reached skill level 1 in Shields
 11127 | D:11     | Reached XP level 12. HP: 38/92 MP: 15/24
 11151 | D:11     | HP: 5/138 [yak (12)]
 11921 | D:11     | Reached skill level 5 in Shields
 11957 | D:11     | Found a burning altar of Makhleb.
 11981 | D:11     | Found a staircase to the Orcish Mines.
 11987 | D:11     | Reached skill level 1 in Evocations
 12388 | D:11     | Noticed a four-headed hydra
 12394 | D:11     | Killed a four-headed hydra
 12587 | Lair:1   | Entered Level 1 of the Lair of Beasts
 12588 | Lair:1   | Found a gate leading to a gauntlet.
 12604 | Gauntlet | Entered a Gauntlet
 12604 | Gauntlet | Found a transporter.
 12609 | Gauntlet | Found a transporter.
 12621 | Gauntlet | Found a runed translucent gate.
 12621 | Gauntlet | Found a runed translucent gate.
 12621 | Gauntlet | Found a runed translucent gate.
 12623 | Gauntlet | Found a transporter.
 12625 | Gauntlet | Found a transporter.
 12627 | Gauntlet | Noticed a death yak
 12627 | Gauntlet | Noticed a death yak
 12630 | Gauntlet | Noticed a death yak
 12635 | Gauntlet | Found the dreamshard necklace {*Dream Drain}
 12638 | Gauntlet | Found a transporter.
 12650 | Gauntlet | Found a transporter.
 12654 | Gauntlet | Found a runed translucent door.
 12661 | Gauntlet | Found a transporter.
 12669 | Gauntlet | Noticed a hell hog
 12671 | Gauntlet | Found a transporter.
 12685 | Gauntlet | Found a transporter.
 12688 | Gauntlet | Noticed a death scarab
 12694 | Gauntlet | Found a transporter.
 12696 | Gauntlet | Found a transporter.
 12707 | Gauntlet | Found a transporter.
 13135 | Gauntlet | Found a transporter.
 13145 | Gauntlet | Reached skill level 5 in Evocations
 13224 | Gauntlet | Killed a death yak
 13227 | Gauntlet | Killed a death yak
 13227 | Gauntlet | Killed a death yak
 13577 | Gauntlet | Found the +10 tower shield of Ignorance {rN+ Int-4}
 13577 | Gauntlet | Noticed a minotaur
 13659 | Gauntlet | Identified the +2 cloak "Niashol" {Str+3}
 14440 | Lair:2   | Found a staircase to the Snake Pit.
 14443 | Lair:2   | Noticed Nergalle
 14452 | Lair:2   | Killed Nergalle
 14456 | Lair:2   | Noticed Harold
 14468 | Lair:2   | Killed Harold
 14469 | Lair:2   | Noticed a seven-headed hydra
 14486 | Lair:2   | Killed a seven-headed hydra
 14487 | Lair:2   | Gained mutation: A weak demonic guardian rushes to your
                  | aid. [demonic ancestry]
 14487 | Lair:2   | Reached XP level 13. HP: 84/98 MP: 2/25
 14742 | Lair:2   | Noticed Urug
 14749 | Lair:2   | Reached skill level 10 in Evocations
 14804 | Lair:2   | Killed Urug
 15458 | Lair:3   | Reached skill level 11 in Conjurations
 15750 | Lair:3   | Reached skill level 12 in Conjurations
 15794 | Lair:3   | Found a staircase to the Swamp.
 16584 | Lair:4   | Reached skill level 13 in Conjurations
 17417 | Lair:4   | Found a shadowy altar of Dithmenos.
 17457 | Lair:4   | Reached skill level 14 in Conjurations
 17900 | Lair:5   | Reached XP level 14. HP: 96/105 MP: 16/26
 18255 | Lair:5   | You fall into a shaft and drop 1 floor!
 18255 | Lair:6   | Entered Level 6 of the Lair of Beasts
 18269 | Lair:6   | Reached skill level 15 in Conjurations
 19679 | Lair:6   | Reached skill level 10 in Spellcasting
 20477 | Lair:6   | Reached XP level 15. HP: 91/110 MP: 2/31
 20490 | Lair:6   | Learned a level 5 spell: Borgnjor's Vile Clutch
 20659 | Lair:6   | Reached skill level 1 in Necromancy
 20684 | Lair:6   | Reached skill level 1 in Earth Magic
 22247 | Lair:6   | Got the Reference Book on Mutagenic Confrontation
 22302 | Lair:6   | Reached skill level 5 in Necromancy
 22307 | Lair:6   | Found the +4 dagger "Morg" {pain, Will+ Int+5}
 22893 | D:9      | Reached skill level 5 in Earth Magic
 23472 | D:8      | Killed Joseph
 23498 | D:8      | Noticed Pikel
 23501 | D:8      | Killed Pikel
 24023 | D:8      | Killed Esekla's ghost
 24047 | D:8      | Learned a level 8 spell: Ignition
 24051 | D:8      | Learned a level 3 spell: Ignite Poison
 24056 | D:8      | Learned a level 4 spell: Olgreb's Toxic Radiance
 24164 | D:12     | Reached skill level 1 in Poison Magic
 24549 | D:12     | Found the +7 mace of Variability {chain chaos}
 24555 | D:12     | Got the Tome of Feathers and Necromancy
 24557 | D:12     | Found a shimmering altar of Xom.
 24615 | D:12     | Found Hawu's Jewellery Shop.
 24633 | D:12     | Identified the +1 ring mail of Hiuc {Harm}
 25018 | Orc:1    | Entered Level 1 of the Orcish Mines
 25428 | Orc:2    | Entered Level 2 of the Orcish Mines
 25428 | Orc:2    | Found Wanuxuz's Armour Shop.
 25432 | Orc:2    | Found Seejih's Distillery.
 25436 | Orc:2    | Reached skill level 5 in Poison Magic
 25445 | Orc:2    | Found Muir Loa's Assorted Antiques.
 25450 | Orc:2    | Gained mutation: A demonic guardian rushes to your aid.
                  | [demonic ancestry]
 25450 | Orc:2    | Reached XP level 16. HP: 92/117 MP: 14/32
 25455 | Orc:2    | Found Yholac's Distillery.
 25536 | Orc:2    | Bought a potion of heal wounds for 65 gold pieces
 25544 | Orc:2    | Bought a potion of brilliance for 52 gold pieces
 25544 | Orc:2    | Bought a potion of brilliance for 52 gold pieces
 25549 | Orc:2    | Bought a pair of runed boots for 165 gold pieces
 25549 | Orc:2    | Bought a small granite ring for 110 gold pieces
 25549 | Orc:2    | Bought a scroll labelled IBINEXT HACUNY for 22 gold pieces
 25561 | Orc:2    | Bought 2 potions of ambrosia for 160 gold pieces
 25561 | Orc:2    | Bought a potion of brilliance for 40 gold pieces
 25582 | Orc:1    | Found a shimmering blue altar of Sif Muna.
 25615 | Orc:1    | Got Sif Muna's Reference Book on the Entourage
 25632 | Orc:1    | You are sucked into a shaft and drop 1 floor!
 25690 | Orc:2    | Found a staircase to the Elven Halls.
 26088 | D:13     | Found Merupp's Magic Scroll Shop.
 26407 | D:13     | Bought a scroll of teleportation for 51 gold pieces
 26407 | D:13     | Bought a scroll of teleportation for 51 gold pieces
 26407 | D:13     | Bought a scroll of teleportation for 51 gold pieces
 26407 | D:13     | Bought a scroll of magic mapping for 59 gold pieces
 26505 | D:13     | Found a gate to the Vaults.
 27032 | D:14     | Cast into level 3 of the Abyss (a wizard)
 27054 | D:14     | Escaped the Abyss
 27616 | D:15     | Entered Level 15 of the Dungeon
 27832 | D:15     | Reached skill level 10 in Necromancy
 28136 | D:15     | Reached skill level 10 in Earth Magic
 28365 | D:15     | Found a staircase to the Depths.
 28838 | D:15     | Found a sparkling altar of Nemelex Xobeh.
 29466 | Swamp:1  | Entered Level 1 of the Swamp
 30206 | Swamp:1  | Slain by a bunyip

Illustrated notes

Levels and vault maps discovered:
D:1:      dpeg_arrival_water_temple_mockup, layout_basic,
          hellmonk_ecumenical_altar_leap_of_faith, minmay_misc_feat_columns
D:2:      layout_basic, basic_altar, minmay_fractal_squares_5
D:3:      layout_loops_cross, nicolae_tso_swordbearing_angel,
          amcnicky_mini_corridor_feature
D:4:      layout_rooms, chequers_serial_rivers_micro_d,
          minmay_misc_feat_four_crosses, nicolae_inconvenience_store
D:5:      layout_loops_corners, nicolae_underground_beach, uniq_blork_the_orc
D:6:      hellmonk_crumbling_castle, layout_loops_ring
D:7:      layout_loops_corners, mainiacjoe_overflow_paths
D:8:      nzn_winding_woodlands_small [nzn_winding_woodlands_5x15_split_checker,
          nzn_winding_woodlands_center_triple_pond,
          nzn_winding_woodlands_5x15_lazy_stream], layout_rooms,
          gammafunk_ghost_spectres, enter_bailey_2, nicolae_take_the_stairs,
          roderic_lattice_a, uniq_erica, uniq_joseph, uniq_pikel
D:9:      minmay_imperfect_grid, layout_stronghold, lemuel_crystal_altar,
          kennysheep_mini_moat, hangedman_incinerator
D:10:     layout_loops_corners, hellmonk_scale_shop
D:11:     layout_gridville, david_orc_5, kennysheep_flooded_box
D:12:     layout_basic, serial_shops, nicolae_square_shop, hex_tiny,
          minmay_stone_trees_small, minmay_guarded_unrand_variability
D:13:     layout_rooms, hangedman_vaults_entry_quadrant_bands, serial_shops,
          shop
D:14:     layout_irregular_city, chequers_serial_rivers_large_a,
          patterned_corridor
D:15:     hangedman_depths_entry_civil_slaughter, layout_irregular_city,
          lemuel_tele_altar, hangedman_devilish_allure
Temple:   mainiacjoe_temple_coin_purse
Lair:1:   layout_roguey, gauntlet_entry_generic
Lair:2:   layout_chaotic_city, dummy_snake_entry, infiniplex_staircase_pool,
          uniq_harold, uniq_urug, uniq_nergalle
Lair:3:   layout_cave_pods, swamp_mist
Lair:4:   layout_hall_layers, lemuel_centaur_altar
Lair:5:   layout_small_grid, nicolae_lair_grove_arrangements, grunt_megastairs_4
Lair:6:   due_jungle_book, layout_long_grid, minmay_slime_entry_oklob_enclosed,
          nicolae_lair_lindhole, grunt_megastairs_1, serial_bayou_shore_b,
          lemuel_fruit_tree
Swamp:1:  layout_basic_swamp, evilmike_swamp_ruin_wall, hangedman_swamp_diagram,
          nicolae_swamp_bunyip_nook
Orc:1:    layout_diamond_mine, dreamdust_deal_with_the_devil,
          nicolae_orc_stony_grotto, led_sif_book
Orc:2:    st_orc_open, layout_diamond_mine

Skill      XL: |  1  2  3  4  5  6  7  8  9 10 11 12 13 14 15 16 |
---------------+-------------------------------------------------+-----
Fire Magic     | 3 4 5 7 9 |  9.0
Conjurations   | 2 3 4 5 7 10 14 15 | 15.6
Spellcasting   | 5 8 12 | 12.3
Fighting       | 5 8 |  8.0
Dodging        | 8 |  8.0
Shields        | 1 5 |  5.0
Evocations     | 9 10 | 10.0
Necromancy     | 7 10 | 10.0
Earth Magic    | 6 10 | 10.0
Poison Magic   | 6 |  6.6
Stealth        | |  1.7

Action                   |  1- 3 |  4- 6 |  7- 9 | 10-12 | 13-15 | 16-18 || total
-------------------------+-------+-------+-------+-------+-------+-------++-------
Melee: Unarmed           |     5 |       |       |     2 |       |       ||     7
       Short sword       |    13 |    41 |    40 |       |       |       ||    94
       Punch             |       |     1 |       |       |       |       ||     1
       Scimitar          |       |       |     4 |    64 |       |       ||    68
       Quarterstaff      |       |       |       |    38 |       |       ||    38
       Staff             |       |       |       |    63 |   160 |    64 ||   287
Throw: Dart              |       |       |       |       |     2 |       ||     2
 Cast: Foxfire           |    67 |    19 |       |       |       |       ||    86
       Scorch            |       |    45 |   118 |   141 |   121 |       ||   425
       Flame Wave        |       |       |     9 |    69 |   162 |    44 ||   284
       Borgnjor's Vile C |       |       |       |       |    16 |    10 ||    26
       Olgreb's Toxic Ra |       |       |       |       |     9 |    30 ||    39
       Ignite Poison     |       |       |       |       |     6 |    16 ||    22
Invok: Potion Petition   |       |       |       |     2 |     1 |       ||     3
Evoke: Wand              |       |       |       |     7 |       |       ||     7
       Condenser vane    |       |       |       |       |       |     1 ||     1
  Use: Scroll            |       |       |       |    27 |     8 |     2 ||    37
       Potion            |       |       |       |     7 |       |     1 ||     8
 Stab: Sleeping          |       |     2 |       |       |       |       ||     2
       Paralysed         |       |       |       |     6 |       |       ||     6
       Distracted        |       |       |       |     2 |     1 |     2 ||     5
Armor: Robe              |    16 |    34 |    39 |   207 |   236 |    43 ||   575
       Skin              |       |       |       |    17 |       |       ||    17
Dodge: Dodged            |    36 |    36 |    63 |   299 |   580 |   135 ||  1149
Block: Buckler           |       |       |    22 |   111 |   419 |   104 ||   656
       Reflection        |       |       |       |     1 |    11 |    18 ||    30
